 Dungeon Crawl Stone Soup version 0.30.0-30-g96aa6591b8 (webtiles) character file.

Game seed: 16441621550290783898

37391695 middlethird the Archmage (level 27, 161/161 HPs)
             Began as a Vine Stalker Air Elementalist on June 25, 2023.
             Was the Champion of Cheibriados.
             Escaped with the Orb
             ... and 15 runes on June 30, 2023!
             The game lasted 14:10:32 (39201 turns).

middlethird the Archmage (VSAE)                    Turns: 39201, Time: 14:10:33

Health: 161/161    AC: 53    Str: 47    XL:     27
Magic:  50/55      EV: 33    Int: 44    God:    Cheibriados [******]
Gold:   7894       SH:  0    Dex: 41    Spells: 15/80 levels left

rFire   + +          +
                       - Unarmed
rCold   + . .        k - orb {light}
rNeg    + + +        F - +9 pearl dragon scales
rPois   ∞            b - +2 helmet {Int+3}
rElec   +            K - +2 cloak {rCorr}
rCorr   +            I - +2 pair of gloves {Str+3}
SInv    +            y - +2 pair of boots of Intuition {Drain rPois rF+++ Dex+3}
Will    ++++.        U - amulet of magic regeneration
Stlth   +            O - ring "Alakkiju" {AC+4 Str+4 Int+2 SInv}
HPRegen 1.26/turn    s - ring of Meonoadu {Str+6 Int+5 Dex+6 Stlth+}
MPRegen 0.74/turn

%: guardian spirit
@: lich-form, glowing, studying 3 skills, very slow
A: draining attack, torment immunity, no potions, fangs 3, regeneration 1, magic
shield, antimagic bite, no potion heal 2, shaggy fur 1, electricity resistance,
wild magic 1
0: Orb of Zot
}: 15/15 runes: decaying, slimy, silver, golden, iron, obsidian, icy, bone,
abyssal, demonic, glowing, magical, fiery, dark, gossamer
a: End Transformation, Renounce Religion, Bend Time, Temporal Distortion,
Slouch, Step From Time


You escaped.
You worshipped Cheibriados.
Cheibriados was exalted by your worship.
You were an undead lich.
You visited 18 branches of the dungeon, and saw 88 of its levels.
You visited Pandemonium 2 times, and saw 15 of its levels.
You visited the Abyss 2 times.
You also visited: Gauntlet, Ice Cave, Volcano and Wizlab.

You collected 12027 gold pieces.
You spent 4133 gold pieces at shops.

Inventory:

Missiles
 A - 8 curare-tipped darts (quivered)
 B - 3 boomerangs of dispersal
 C - 9 silver javelins
 D - 5 throwing nets
Armour
 b - a +2 helmet of intelligence (worn)
 j - the +1 cloak of Starlight {*Dazzle EV+4 Stlth--}
   (You found it on level 5 of the Pits of Slime)

   *Dazzle:   It may blind those who miss an attack against the wearer in melee
   combat.
   EV:        It affects your evasion (+4).
   Stlth:     It makes you much less stealthy.
 k - an orb of light (worn)
 y - the +2 pair of boots of Intuition (worn) {Drain rPois rF+++ Dex+3}
   (You found it on level 7 of Gehenna)

   Dex:       It affects your dexterity (+3).
   rF:        It renders you almost immune to fire.
   rPois:     It protects you from poison.
   Drain:     It drains your maximum health when unequipped.
 E - a scarf of resistance
 F - +9 pearl dragon scales (worn)
 G - +0 gold dragon scales
 I - a +2 pair of gloves of strength (worn)
 J - +0 ice dragon scales
 K - a +2 cloak of preservation (worn)
 N - the +5 ring mail of the Blessed Realm {rPois Will+ rCorr Int+3}
   (You found it on level 7 of the Dungeon)

   Int:       It affects your intelligence (+3).
   rPois:     It protects you from poison.
   rCorr:     It protects you from acid and corrosion.
   Will:      It increases your willpower.
 Q - the orb of Dispater {+Damnation *Corrode AC+5}
   (You took it off Dispater on level 7 of the Iron City of Dis)

   +Damnation: It grants the ability to hurl damnation at the cost of health and
   magic, with strength depending on Evocations skill.
   AC:        It affects your AC (+5).
   *Corrode:  It may corrode you when you take damage.
Jewellery
 g - the ring of Winter {Fly rF++ rC+ rN+ Int-4}
   (You found it on level 3 of the Crypt)

   [ring of positive energy]

   Int:       It affects your intelligence (-4).
   rF:        It greatly protects you from fire.
   rC:        It protects you from cold.
   rN:        It protects you from negative energy.
   Fly:       It grants you flight.
 r - the ring "Wonex" {rPois rC+ MP+9 Dex+3}
   (You took it off a balrug on level 7 of Gehenna)

   [ring of magical power]

   Dex:       It affects your dexterity (+3).
   rC:        It protects you from cold.
   rPois:     It protects you from poison.
   MP:        It affects your magic capacity (+9).
 s - the ring of Meonoadu (right hand) {Str+6 Int+5 Dex+6 Stlth+}
   (You found it on level 5 of the Pits of Slime)

   [ring of dexterity]

   Str:       It affects your strength (+6).
   Int:       It affects your intelligence (+5).
   Dex:       It affects your dexterity (+6).
   Stlth:     It makes you more stealthy.
 x - the ring of Fimip {Wiz Str+3}
   (You bought it in a shop on level 1 of the Dungeon)

   [ring of wizardry]

   It improves your spell success rate.
   Str:       It affects your strength (+3).
 M - the amulet "Komeklyg" {Spirit rF++ Int+4 Dex-5}
   (You found it on level 7 of the Dungeon)

   [amulet of guardian spirit]

   It causes incoming damage to be divided between your reserves of health and
   magic.
   Int:       It affects your intelligence (+4).
   Dex:       It affects your dexterity (-5).
   rF:        It greatly protects you from fire.
 O - the ring "Alakkiju" (left hand) {AC+4 Str+4 Int+2 SInv}
   (You found it on level 3 of the Tomb of the Ancients)

   [ring of protection]

   AC:        It affects your AC (+4).
   Str:       It affects your strength (+4).
   Int:       It affects your intelligence (+2).
   SInv:      It lets you see invisible.
 R - the ring of the Squeaky God {rC+ rN+ Will+ Dex+2 SInv}
   (You found it on level 3 of the Crypt)

   [ring of positive energy]

   Dex:       It affects your dexterity (+2).
   rC:        It protects you from cold.
   rN:        It protects you from negative energy.
   SInv:      It lets you see invisible.
   Will:      It increases your willpower.
 U - an amulet of magic regeneration (around neck)
 V - the necklace of Bloodlust {Fury *Rage Will++ Int-3 Slay+6}
   (You found it on level 1 of the Tomb of the Ancients)

   [amulet of nothing]

   Fury:      It extends the wearer's berserk rage when killing foes.
   Int:       It affects your intelligence (-3).
   Slay:      It affects your accuracy & damage with ranged weapons and melee
   (+6).
   *Rage:     It berserks you when you make melee attacks (+50% chance).
   Will:      It greatly increases your willpower.
 W - the ring "Fezuuc" {rPois rF+ rC+ Slay+2}
   (You took it off a deep elf annihilator on level 3 of the Elven Halls)

   [ring of protection from cold]

   Slay:      It affects your accuracy & damage with ranged weapons and melee
   (+2).
   rF:        It protects you from fire.
   rC:        It protects you from cold.
   rPois:     It protects you from poison.
Wands
 h - a wand of acid (64)
 S - a wand of digging (47)
Scrolls
 a - 15 scrolls of poison
 f - 9 scrolls of silence
 l - 15 scrolls of fog
 m - 19 scrolls of immolation
 o - 2 scrolls of blinking
 p - 2 scrolls of amnesia
 v - 6 scrolls of fear
 H - 13 scrolls of teleportation
 L - a scroll of summoning
Potions
 c - 9 potions of berserk rage
 e - 12 potions of ambrosia
 i - 16 potions of brilliance
 n - 13 potions of mutation
 q - 11 potions of might
 t - 7 potions of invisibility
 u - 41 potions of curing
 w - 8 potions of attraction
 z - 7 potions of cancellation
 P - 8 potions of magic
 T - 4 potions of resistance
Miscellaneous
 X - a phial of floods
 Y - a condenser vane
 Z - a phantom mirror


   Skills:
 - Level 22.0 Fighting
 - Level 18.0 Armour
 - Level 15.0 Dodging
 - Level 3.0 Stealth
 + Level 26.1 Unarmed Combat
 O Level 27 Spellcasting
 - Level 6.0 Conjurations
 - Level 17.0 Necromancy
 - Level 4.0 Translocations
 - Level 12.0 Transmutations
 - Level 17.0 Fire Magic
 - Level 3.0 Air Magic
 - Level 26.0 Earth Magic
 - Level 14.0 Invocations


You had 15 spell levels left.
You knew the following spells:

 Your Spells              Type           Power      Damage    Failure   Level
a - Apportation           Tloc           100%       N/A       1%          1
b - Blink                 Tloc           100%       N/A       1%          2
c - Passwall              Tmut/Erth      100%       N/A       1%          2
g - Vhi's Electric Charg  Tloc/Air       100%       N/A       1%          3
j - Borgnjor's Vile Clut  Necr/Erth      85%        N/A       1%          5
k - Death Channel         Necr           79%        N/A       1%          6
l - Infestation           Necr           79%        N/A       3%          8
m - Necromutation         Tmut/Necr      76%        N/A       10%         8
n - Lee's Rapid Deconstr  Erth           77%        3d34*     1%          5
o - Lehudib's Crystal Sp  Conj/Erth      65%        10d15     5%          8
p - Shatter               Erth           77%        3d56*     1%          9
q - Ignition              Fire           67%        3d18      3%          8

Your spell library contained the following spells:

 Spells                   Type           Power      Damage    Failure   Level
 Beastly Appendage        Tmut           100%       N/A       1%          1
 Freeze                   Ice            100%       1d10      1%          1
 Kiss of Death            Conj/Necr      100%       2d13      1%          1
 Necrotise                Necr           100%       1d9       1%          1
 Sandblast                Erth           100%       2d20      1%          1
 Shock                    Conj/Air       100%       1d9       1%          1
 Slow                     Hex            100%       N/A       1%          1
 Sting                    Tmut/Pois      100%       1d8       1%          1
 Summon Small Mammal      Summ           100%       N/A       1%          1
 Cigotuvi's Dreadful Rot  Necr/Pois/Air  100%       N/A       1%          2
 Ensorcelled Hibernation  Hex/Ice        100%       N/A       1%          2
 Momentum Strike          Conj/Tloc      100%       3d10      1%          2
 Poisonous Vapours        Pois/Air       100%       N/A       1%          2
 Scorch                   Fire           100%       2d9       1%          2
 Static Discharge         Conj/Air       100%       2-7/arc   1%          2
 Sublimation of Blood     Necr           100%       N/A       1%          2
 Wereblood                Tmut           100%       N/A       1%          2
 Dazzling Flash           Conj/Hex       100%       N/A       1%          3
 Gell's Gravitas          Tloc           89%        N/A       1%          3
 Hailstorm                Conj/Ice       84%        3d17      1%          3
 Ignite Poison            Fire/Tmut/Pois 100%       N/A       1%          3
 Inner Flame              Hex/Fire       100%       N/A       1%          3
 Portal Projectile        Hex/Tloc       100%       N/A       1%          3
 Spider Form              Tmut/Pois      98%        N/A       1%          3
 Stone Arrow              Conj/Erth      100%       3d13      1%          3
 Swiftness                Air            84%        N/A       1%          3
 Teleport Other           Tloc           89%        N/A       1%          3
 Vampiric Draining        Necr           100%       2d13      1%          3
 Volatile Blastmotes      Fire/Tloc      100%       2d18      1%          3
 Anguish                  Hex/Necr       66%        N/A       1%          4
 Animate Dead             Necr           100%       N/A       1%          4
 Flame Wave               Conj/Fire      100%       2d21      1%          4
 Ice Form                 Ice/Tmut       98%        N/A       1%          4
 Iskenderun's Mystic Bla  Conj/Tloc      94%        2d18      1%          4
 Leda's Liquefaction      Hex/Erth       61%        N/A       1%          4
 Manifold Assault         Tloc           89%        N/A       1%          4
 Passage of Golubria      Tloc           89%        N/A       1%          4
 Petrify                  Tmut/Erth      100%       N/A       1%          4
 Sticky Flame             Conj/Fire      100%       2d11      1%          4
 Agony                    Necr           100%       N/A       1%          5
 Alistair's Intoxication  Tmut/Pois      65%        N/A       1%          5
 Blade Hands              Tmut           60%        N/A       1%          5
 Fireball                 Conj/Fire      59%        3d23      1%          5
 Irradiate                Conj/Tmut      55%        3d30      1%          5
 Iskenderun's Battlesphe  Conj           98%        2d14      1%          5
 Yara's Violent Unravell  Hex/Tmut       49%        3d19      1%          5
 Iron Shot                Conj/Erth      65%        9d12      1%          6
 Plasma Beam              Fire/Air       56%        2x1d78    1%          6
 Statue Form              Tmut/Erth      92%        N/A       1%          6
 Call Canine Familiar     Summ           67%        N/A       2%          3
 Confusing Touch          Hex            67%        N/A       2%          3
 Frozen Ramparts          Ice            100%       1d16      2%          3
 Ozocubu's Armour         Ice            67%        N/A       2%          3
 Summon Guardian Golem    Hex/Summ       67%        N/A       2%          3
 Tukima's Dance           Hex            67%        N/A       2%          3
 Airstrike                Air            42%        2d(6-22)  2%          4
 Fulminant Prism          Conj/Hex       42%        3d19      2%          4
 Summon Lightning Spire   Summ/Air       76%        N/A       3%          4
 Arcjolt                  Conj/Air       45%        1d55      3%          5
 Simulacrum               Ice/Necr       66%        N/A       3%          6
 Dragon Form              Tmut           60%        N/A       3%          7
 Borgnjor's Revivificati  Necr           79%        N/A       3%          8
 Freezing Cloud           Conj/Ice/Air   42%        6-21      4%          5
 Cause Fear               Hex            33%        N/A       5%          4
 Olgreb's Toxic Radiance  Pois           67%        N/A       5%          4
 Summon Ice Beast         Ice/Summ       67%        N/A       5%          4
 Summon Forest            Summ/Tloc      39%        N/A       7%          5
 Eringya's Noxious Bog    Tmut/Pois      49%        N/A       7%          6
 Silence                  Hex/Air        38%        N/A       8%          5
 Conjure Ball Lightning   Conj/Air       45%        3x3d16    13%         6
 Haunt                    Necr/Summ      66%        N/A       13%         7
 Metabolic Englaciation   Hex/Ice        33%        N/A       14%         5
 Summon Mana Viper        Hex/Summ       67%        N/A       14%         5
 Dispersal                Tloc           44%        N/A       14%         6
 Storm Form               Tmut/Air       52%        N/A       19%         7
 Orb of Destruction       Conj           49%        9d13      32%         7
 Death's Door             Necr           79%        N/A       41%         9
 Summon Cactus Giant      Summ           33%        N/A       54%         6
 Spellforged Servitor     Conj/Summ      42%        N/A       71%         7
 Malign Gateway           Summ/Tloc      39%        N/A       83%         7
 Enfeeble                 Hex            33%        N/A       98%         7
 Ozocubu's Refrigeration  Ice            33%        4d14      98%         7
 Summon Hydra             Summ           33%        N/A       98%         7
 Fire Storm               Conj/Fire      59%        8d15      98%         9
 Disjunction              Tloc           44%        N/A       99%         8
 Discord                  Hex            33%        N/A       100%        8
 Maxwell's Capacitive Co  Air            42%        ∞         100%        8
 Summon Horrible Things   Summ           33%        N/A       100%        8
 Chain Lightning          Conj/Air       45%        3d60      100%        9


Dungeon Overview and Level Annotations

Branches:
Dungeon (15/15)            Temple (1/1) D:7            Lair (5/5) D:11
  Swamp (4/4) Lair:2       Spider (4/4) Lair:2        Slime (5/5) Lair:4
    Orc (2/2) D:9             Elf (3/3) Orc:2        Vaults (5/5) D:13
  Crypt (3/3) Vaults:2       Tomb (3/3) Crypt:3      Depths (4/4) D:15
   Hell (visited)             Dis (7/7) Hell            Geh (7/7) Hell
    Coc (7/7) Hell            Tar (7/7) Hell            Zot (5/5) Depths:4
  IceCv (visited)         Volcano (visited)          WizLab (visited)
Gauntlet (visited)

Altars:
Ashenzari
Cheibriados
Dithmenos
Elyvilon
Fedhas
Gozag
Hepliaklqana
Kikubaaqudgha
Makhleb
Nemelex Xobeh
Okawaru
Qazlal
Ru
Sif Muna
Trog
Uskayaw
Vehumet
Wu Jian
Xom
Yredelemnul
Zin
The Shining One
Jiyva

Shops:
D:1 =   D:3 :   D:4 *   D:6 :   D:8 [   D:12 !   Orc:1 =![(   Orc:2 :?[!
Elf:1 *   Elf:2 *   Vaults:3 *

Portals:
Hell: Lair:5 Depths:1 Depths:2 Depths:3 Depths:4
Abyss: Depths:3
Pandemonium: Orc:2 Depths:2
Ziggurat: Depths:1
Trove: Depths:1 (give +2 storm dragon scales)


Innate Abilities, Weirdness & Mutations

You are an undead lich.
Your unarmed attacks are suffused with negative energy.
You are immune to unholy pain and torment.
Your necromantic spells are more powerful.
You cannot drink.
You are immune to poison.
You have razor-sharp teeth.
Your natural rate of healing is unusually fast.
When hurt, damage is shared between your health and your magic reserves.
Your bite disrupts and absorbs the magic of your enemies.
Potions cannot restore your health.
You are covered in fur. (AC +1)
You are resistant to electric shocks. (rElec)
Your spells are a little harder to cast, but a little more powerful.


Message History

Strange energies run through your body. You resist.
Casting: Necromutation (dangerous; 10% risk of failure)
Confirm with . or Enter, or press ? or * to list all spells.
The dungeon rumbles!
Ka-crash!
You hear a shout!
You feel yourself come back to life.
Your magical contamination has completely faded away.
A Tzitzimitl comes into view.
The Tzitzimitl moves out of view.
Casting: Shatter (dangerous; 1% risk of failure)
Confirm with . or Enter, or press ? or * to list all spells.
Your body is suffused with negative energy!
Casting: Necromutation (dangerous; 10% risk of failure)
Confirm with . or Enter, or press ? or * to list all spells.
Charge where?
Press: ? - help, Dir - move target, f - Tzitzimitl
Aim: a Tzitzimitl (haloed, 95% to hit)
You charge forward with an electric crackle!
You pummel the Tzitzimitl!! You bite the Tzitzimitl!!
The Tzitzimitl's magic leaks into the air.
You drain its magic.
You feel invigorated.
The Tzitzimitl is heavily wounded.
The Tzitzimitl engulfs you but does no damage.
The Tzitzimitl misses you. The Tzitzimitl engulfs you!
The Tzitzimitl completely misses you.
You squash the Tzitzimitl like an ant!!!
You bite the Tzitzimitl!
You kill the Tzitzimitl!
Cheibriados appreciates the change of pace.
Casting: Vhi's Electric Charge (safe; 1% risk of failure)
Confirm with . or Enter, or press ? or * to list all spells.
The dungeon rumbles!
A door shatters!
Ka-crash!
Casting: Shatter (dangerous; 1% risk of failure)
Confirm with . or Enter, or press ? or * to list all spells.
The dungeon rumbles!
A door shatters!
Ka-crash!
You hear a shout!
There is a staircase leading out of the dungeon here.
You have escaped!

#....####.# .....#.
##.. #...>##...#
#.....##....
#.......#.#
#....#..#..#
#(....#.#.#
#.#.#.####..
#.....###.#
#.....#.....
#.........#
##...........
#....######
#######...#.....###
####.#
##...#....###....# #
#.#
#..L..#...####..#. #
#.##
#.....##....##....##
#†.#
##...##....####.....
##.# #..###.#..#.#
##.... #.#
#...###...### ##..#
#.## ##...#...##
####... ###..#
##....### ##...##.
#....## ##.#'##
#..#..#. #.....#
####'## ##..##...


There were no monsters in sight!

Vanquished Creatures
  Asmodeus (Geh:7)
  Antaeus (Coc:7)
  the Royal Jelly (Slime:5)
  Ereshkigal (Tar:7)
  Gloorx Vloq (Pan)
  Lom Lobon (Pan)
  the Serpent of Hell (Coc:7)
  2 pandemonium lords
  3 dread liches
  Mnoleg (Pan)
  Dispater (Dis:7)
  7 ancient liches
  Mennas (Crypt:1)
  5 orbs of fire
  A juggernaut (Depths:4)
  20 royal mummies
  Josephina (Depths:3)
  5 Killer Klowns (Zot:5)
  7 shard shrikes
  Margery (Crypt:2)
  A curse toe (Zot:5)
  13 caustic shrikes
  Geryon (Hell)
  4 golden dragons
  A pearl dragon (Pan)
  20 profane servitors
  6 doom hounds
  9 bone dragons
  13 Brimstone Fiends
  5 iron giants
  3 electric golems
  The ghost of Esekla the Archmage, a veteran DENe of Vehumet (Crypt:2)
  10 Tzitzimimeh
  Arachne (Spider:2)
  6 hellephants
  19 Ice Fiends
  11 tentacled monstrosities
  16 Hell Sentinels
  2 walking crystal tomes (Depths:3)
  9 liches
  21 Orb Guardians (Zot:5)
  17 titans
  19 tainted leviathans
  A walking divine tome (Depths:3)
  6 quicksilver dragons
  Asterion (Spider:2)
  15 searing wretches
  Murray (Hell)
  2 deep elf master archers (Elf:3)
  2 deep elf blademasters (Elf:3)
  21 acid blobs
  3 death cobs
  Frances (Spider:1)
  37 ancient champions
  The ghost of hawkwood the Destroyer, an adept DgAr (Swamp:3)
  11 Executioners
  A tentacled starspawn (Abyss:4)
  9 storm dragons
  3 tengu reavers
  A sphinx (Depths:2)
  3 draconian monks
  2 revenants
  7 shadow dragons
  Agnes (Spider:2)
  6 azure jellies
  3 demonspawn warmongers (Pan)
  14 fire giants
  A draconian knight (Zot:1)
  16 narguns
  6 rockslimes (Slime:5)
  18 daevas (Pan)
  10 quicksilver elementals
  7 frost giants
  A juggernaut zombie (Crypt:2)
  38 balrugs
  7 iron dragons
  3 deep elf sorcerers (Elf:3)
  4 ghost moths
  A spectral juggernaut (Crypt:2)
  A ghost moth (shapeshifter) (Depths:3)
  3 draconian scorchers
  3 shard shrike simulacra
  11 vault wardens
  11 emperor scorpions
  3 draconian stormcallers
  A draconian shifter (Zot:1)
  11 ghouls
  4 curse skulls
  19 angels
  4 demonspawn corrupters (Pan)
  A juggernaut skeleton (Pan)
  A deep elf elementalist (Elf:3)
  2 spectral caustic shrikes
  7 quicksilver oozes (Slime:5)
  27 war gargoyles
  5 draconian annihilators
  9 stone giants
  9 ironbound preservers
  8 cacodemons
  12 very ugly things
  16 apis (Pan)
  7 reapers
  3 broodmothers
  11 ophanim
  2 demonspawn blood saints (Pan)
  A caustic shrike skeleton (Tomb:3)
  4 ironbound thunderhulks
  7 green draconians
  Nessos (Lair:4)
  5 deep elf demonologists
  4 eleionomae
  4 demonspawn black suns (Pan)
  7 vampire knights
  12 bennus
  17 elemental wellsprings
  6 deep elf annihilators
  10 purple draconians
  11 wendigos
  7 black draconians
  16 dire elephants
  23 putrid mouths
  7 white draconians
  6 lorocyprocas
  3 yellow draconians
  A halazid warlock (Hell)
  3 bunyips
  2 spectral titans (Tar:2)
  A minotaur (Gauntlet)
  11 red draconians
  4 spark wasps
  11 blizzard demons
  A spectral kraken (Tar:7)
  6 eidola
  2 spectral quicksilver dragons
  19 iron golems
  5 crystal guardians
  16 mummy priests
  7 green deaths (Pan)
  6 deep elf death magi
  An entropy weaver (shapeshifter) (D:13)
  3 jiangshi
  4 ettins
  4 deep elf high priests
  A quicksilver dragon zombie (Crypt:1)
  Fannar (Orc:1)
  3 entropy weavers
  A kraken zombie (Hell)
  8 fire dragons
  2 peacekeepers
  5 great orbs of eyes
  3 spectral spriggans
  A spectral fenstrider witch (Crypt:2)
  4 yaktaur captains
  7 vault guards
  10 hydras
  10 ice dragons
  15 salamander tyrants
  2 rakshasas
  2 demonspawn (Orc:2)
  2 hell beasts
  A spriggan skeleton (Crypt:3)
  4 juggernaut simulacra
  A spriggan air mage (Depths:2)
  An ogre mage (Abyss:3)
  10 caustic shrike simulacra
  4 jorogumos
  A ghost crab (Swamp:4)
  7 ironbound frosthearts
  5 radroaches
  2 stokers
  13 centaur warriors
  4 death knights
  12 alligators
  4 two-headed ogres
  6 boulder beetles
  5 death yaks (Lair:5)
  6 deep troll shamans
  9 vampire magi
  22 death scarabs
  8 orc high priests
  26 hell hogs
  3 tengu warriors (Depths:4)
  8 dancing weapons
  3 shock serpents (Pan)
  3 spectral dire elephants
  A storm dragon zombie (Geh:1)
  3 spriggan berserkers (Depths:4)
  5 spectral nagas
  6 thrashing horrors
  5 hell knights
  A wretched star (Abyss:1)
  A titan skeleton (Pan)
  7 deep elf knights
  A fire crab (Gauntlet)
  9 crystal echidnas
  8 soul eaters
  A goliath frog (shapeshifter) (Vaults:5)
  10 shadow wraiths
  8 sixfirhies
  A spatial maelstrom (Abyss:2)
  37 sun demons
  8 pharaoh ants
  A golden dragon zombie (WizLab)
  5 iron trolls
  5 goliath frogs
  3 quicksilver dragon simulacra
  11 shadow demons
  19 skeletal warriors
  4 spriggan druids
  4 orb spiders
  15 cherubim (Pan)
  14 large abominations
  19 deep trolls
  4 sun moths
  3 swamp dragons
  A spark wasp zombie (WizLab)
  A tengu zombie (WizLab)
  A harpy (shapeshifter) (Depths:3)
  A sphinx zombie (Vaults:1)
  A spectral anaconda (Tar:2)
  10 flayed ghosts
  2 spectral hydras
  5 spriggan simulacra
  A lindwurm (shapeshifter) (Depths:3)
  8 wizards
  5 phantasmal warriors
  A bunyip skeleton (Tomb:1)
  2 deep elf archers
  6 ironbound convokers
  13 deep elf pyromancers
  7 steelbarb worms
  4 glowing orange brains
  6 lindwurms
  A mana viper (shapeshifter) (Depths:3)
  3 orange crystal statues
  8 orc knights
  A fire giant zombie (Geh:1)
  22 wolf spiders
  6 bog bodies
  A golden dragon skeleton (Crypt:2)
  2 necromancers
  11 deep elf zephyrmancers
  10 orc sorcerers
  4 manticores
  25 ugly things
  6 shining eyes
  15 moths of wrath
  4 salamanders (Volcano)
  A frost giant zombie (WizLab)
  A shining eye (shapeshifter) (Depths:3)
  The ghost of LustLizard the Conjurer, a novice OpCj (D:8)
  5 cyclopes
  3 spectral centaurs
  2 elephants (shapeshifter)
  A stone giant zombie (Vaults:1)
  6 will-o-the-wisps
  A salamander (shapeshifter) (Depths:2)
  8 elephants
  A guardian serpent (D:13)
  A spectral alligator snapping turtle (Crypt:2)
  A worldbinder (Abyss:1)
  4 ice statues
  12 rust devils
  2 eyes of devastation (Pan)
  10 vault sentinels
  3 black mambas
  8 demonic crawlers
  Maurice (D:8)
  A black mamba (shapeshifter) (Depths:2)
  4 gargoyles
  4 titan simulacra
  17 smoke demons
  9 orange demons
  13 molten gargoyles
  A storm dragon simulacrum (Coc:1)
  7 torpor snails
  14 cane toads
  A dire elephant skeleton (Crypt:3)
  4 spectral swamp worms (Tar:7)
  23 hellions
  An efreet (Zot:1)
  A centaur skeleton (Geh:1)
  2 sea snake zombies (Hell)
  4 unseen horrors
  4 kobold demonologists
  An unseen horror (shapeshifter) (Depths:3)
  9 yaktaurs
  5 rime drakes
  4 ice devils
  9 freezing wraiths
  An iron giant simulacrum (Coc:3)
  12 tormentors
  An alligator snapping turtle skeleton (Pan)
  2 anaconda simulacra
  2 ancient zymes (Abyss:2)
  10 komodo dragons
  A silent spectre (Tar:6)
  4 red devils
  A spectral harpy (Tar:5)
  A hydra zombie (Tomb:3)
  13 hellwings
  A golden dragon simulacrum (Coc:6)
  3 meliai (Spider:1)
  2 harpy zombies (Abyss:4)
  4 tyrant leeches
  7 trolls
  27 guardian mummies
  20 tarantellas
  8 hornets
  Grinder (D:6)
  3 polar bears (Lair:5)
  An alligator zombie (Hell)
  7 raiju
  5 blink frogs (Lair:3)
  2 iron dragon simulacra
  A raiju (shapeshifter) (Depths:3)
  45 slime creatures
  2 fire dragon skeletons (Geh:1)
  23 jumping spiders
  A merfolk skeleton (Crypt:1)
  A shadow (D:12)
  A water elemental (Depths:1)
  An air elemental (Elf:3)
  19 culicivoras
  6 flying skulls
  6 wraiths
  37 yaks
  6 spriggans
  3 dire elephant simulacra
  A culicivora (shapeshifter) (Depths:3)
  7 wyverns
  6 ynoxinuls
  10 small abominations
  11 ushabtiu
  21 fire elementals
  2 naga simulacra (Coc:3)
  8 fire bats
  A fire bat (shapeshifter) (Depths:3)
  11 neqoxecs
  A golden eye (Slime:5)
  An alligator snapping turtle simulacrum (Crypt:2)
  9 chaos spawn
  22 starcursed masses
  3 humans (D:13)
  3 hogs (Lair:4)
  A wind drake skeleton (Crypt:2)
  A black mamba skeleton (Crypt:3)
  3 steam dragons
  44 redbacks
  11 vampire mosquitoes
  3 basilisks
  8 wargs
  11 harpy simulacra
  9 swamp worms
  7 hydra simulacra
  2 acid dragons
  8 water moccasins
  A floating eye (Pan)
  A human skeleton (Vaults:1)
  A cane toad zombie (Crypt:2)
  A naga skeleton (Pan)
  5 hell hounds
  3 swamp drakes (Swamp:4)
  An ice beast (D:7)
  2 sky beasts (D:7)
  A manticore zombie (Crypt:1)
  35 orc warriors
  2 black bears
  2 ettin simulacra
  6 ogres
  An alligator simulacrum (IceCv)
  16 wolves
  11 centaurs
  A boggart (Vaults:2)
  2 kobold brigands
  A phantom (D:7)
  2 gnoll sergeants
  2 necrophages
  8 bullfrogs
  8 scorpions
  A yaktaur skeleton (Crypt:1)
  An earth elemental (Abyss:2)
  7 wights
  A queen bee zombie (Crypt:1)
  5 killer bees (D:9)
  A lindwurm simulacrum (IceCv)
  7 howler monkeys
  7 electric eels
  A crimson imp (Abyss:4)
  4 quasits
  2 hounds (D:7)
  2 jellies (D:6)
  37 orc priests
  2 human zombies (Crypt:1)
  A gnoll bouda (D:9)
  3 sleepcaps (D:5)
  2 iguanas
  32 orc wizards
  7 hell rats (Lair:4)
  An acid dragon skeleton (Crypt:3)
  22 mummies
  A howler monkey zombie (Crypt:3)
  11 adders
  8 gnolls
  4 white imps
  3 worms
  4 dart slugs
  82 orcs
  4 ball pythons
  8 endoplasms
  2 giant cockroaches
  4 goblins
  4 hobgoblins
  4 jackals (D:1)
  19 kobolds
  4 quokkas
  4 bats
  4 frilled lizards
  2 kobold skeletons
  4 rats
  A butterfly (Lair:5)
  A creeping inferno (Geh:4)
  A lurking horror (Abyss:2)
  2 spectral weapons (Spider:2)
  2 starspawn tentacles (Abyss:4)
  5 tentacles
2814 creatures vanquished.

Vanquished Creatures (collateral kills)
  Cerebov (Pan)
  2 ancient liches (Crypt:3)
  A dread lich (Vaults:5)
  11 royal mummies
  A pandemonium lord (Pan)
  A caustic shrike (Dis:7)
  2 curse toes (Crypt:3)
  2 profane servitors
  A doom hound (Tar:7)
  2 Tzitzimimeh
  3 tentacled monstrosities
  5 liches
  A Hell Sentinel (Pan)
  3 tainted leviathans (Tar:7)
  5 titans
  A searing wretch (Geh:7)
  A quicksilver dragon (Vaults:5)
  8 acid blobs
  A deep elf blademaster (Elf:3)
  5 sphinxes
  4 ancient champions
  2 shadow dragons (Vaults:5)
  5 Executioners (Pan)
  A storm dragon (Vaults:5)
  3 tengu reavers
  3 revenants
  2 daevas (Pan)
  A thorn hunter (Swamp:4)
  An azure jelly (Slime:1)
  2 fire giants
  3 demonspawn warmongers (Pan)
  An emperor scorpion (Spider:4)
  3 balrugs
  3 rockslimes
  A spectral juggernaut (Tar:7)
  3 frost giants
  4 deep elf sorcerers (Elf:3)
  3 vault wardens
  3 deep elf elementalists (Elf:3)
  A juggernaut zombie (WizLab)
  A ghost moth (Spider:4)
  4 angels (Pan)
  4 ghouls
  3 very ugly things
  A demonspawn corrupter (Pan)
  7 cacodemons (Pan)
  5 war gargoyles
  2 demonspawn blood saints (Pan)
  7 ironbound preservers
  2 ophanim (Pan)
  5 stone giants
  An ironbound thunderhulk (Vaults:3)
  5 vampire knights
  4 apis (Pan)
  A deep elf demonologist (Elf:3)
  5 deep elf annihilators
  2 eleionomae
  2 lorocyprocas (Pan)
  6 bennus
  A yellow draconian (Depths:4)
  A dire elephant (Vaults:1)
  3 ettins
  5 jiangshi
  2 blizzard demons
  11 mummy priests
  6 deep elf death magi
  2 eidola
  A spectral spriggan (Crypt:2)
  5 deep elf high priests
  6 yaktaur captains
  2 rakshasas (Depths:2)
  6 great orbs of eyes
  23 vault guards
  6 hydras
  A ghost crab (Swamp:4)
  A spriggan skeleton (Crypt:3)
  A jorogumo (Spider:3)
  2 ironbound frosthearts (Vaults:4)
  7 centaur warriors
  5 ogre magi
  2 dancing weapons
  A fenstrider witch skeleton (Crypt:2)
  An Orb Guardian skeleton (Crypt:3)
  19 death scarabs
  4 vampire magi
  A deep troll shaman (Depths:4)
  A spectral dire elephant (Tar:7)
  A tengu warrior (Depths:4)
  A deep troll earth mage (Depths:1)
  A hell hog (Geh:1)
  2 spriggan berserkers (Depths:1)
  6 soul eaters
  A deep elf knight (Elf:3)
  6 hell knights
  10 sun demons
  A titan zombie (WizLab)
  A wretched star (Abyss:1)
  An iron troll (Depths:4)
  6 skeletal warriors
  3 sixfirhies (Pan)
  A goliath frog (Swamp:2)
  A spectral bunyip (Crypt:2)
  2 pharaoh ants (Spider:3)
  5 shadow wraiths
  A cherub (Pan)
  A spriggan druid (Swamp:4)
  A shadow demon (Pan)
  4 swamp dragons (Swamp:4)
  29 deep trolls
  2 orb spiders (Spider:4)
  A glowing orange brain (Pan)
  2 steelbarb worms (Spider:4)
  A tengu zombie (WizLab)
  5 bog bodies
  3 flayed ghosts
  10 lindwurms
  A bunyip skeleton (Tomb:3)
  A deep elf archer (Elf:2)
  10 ironbound convokers
  A spectral iron dragon (Crypt:2)
  5 necromancers
  11 phantasmal warriors
  5 wizards
  An orc knight (D:15)
  A deep elf pyromancer (Elf:1)
  2 shining eyes (Pan)
  3 deep elf zephyrmancers
  3 wolf spiders
  2 orc sorcerers (D:15)
  A cyclops (D:15)
  A manticore (D:14)
  14 ugly things
  2 will-o-the-wisps
  A jorogumo skeleton (Crypt:3)
  A rust devil (Pan)
  2 stone giant zombies (WizLab)
  An iron dragon skeleton (Crypt:1)
  A centaur zombie (Tomb:2)
  9 orange demons (Pan)
  An apocalypse crab (Abyss:1)
  31 slime creatures
  A titan simulacrum (Crypt:1)
  A torpor snail (Spider:4)
  4 demonic crawlers (Pan)
  7 vault sentinels
  4 smoke demons
  2 eyes of devastation
  2 centaur skeletons (Pan)
  2 spectral swamp worms (Tar:7)
  2 yaktaur zombies
  A kobold demonologist (D:14)
  2 dire elephant skeletons (Crypt:1)
  13 yaktaurs
  A white draconian zombie (Crypt:1)
  A komodo dragon (shapeshifter) (Depths:3)
  An unseen horror (D:13)
  A yaktaur (shapeshifter) (Depths:2)
  A white draconian skeleton (Crypt:2)
  A bunyip simulacrum (Crypt:2)
  A freezing wraith (Vaults:5)
  2 alligator snapping turtle skeletons
  A tormentor (Geh:3)
  A red devil (Pan)
  18 guardian mummies
  A hydra zombie (Hell)
  10 hellwings (Pan)
  A queen bee (shapeshifter) (Vaults:5)
  2 hornets
  2 tyrant leeches
  A fire dragon zombie (Geh:1)
  A hornet (shapeshifter) (Depths:2)
  A raiju (Abyss:2)
  3 tarantellas
  An ettin zombie (Crypt:2)
  11 flying skulls
  A centaur simulacrum (Crypt:2)
  A spriggan zombie (WizLab)
  4 culicivoras
  5 jumping spiders (Spider:4)
  A culicivora (shapeshifter) (Vaults:5)
  3 spriggans
  A human (shapeshifter) (Depths:3)
  An alligator skeleton (Hell)
  5 wraiths
  A satyr skeleton (Crypt:2)
  5 ynoxinuls (Pan)
  An ettin skeleton (Pan)
  A fire dragon skeleton (Geh:1)
  9 ushabtiu
  A black mamba skeleton (Crypt:1)
  A wind drake zombie (Crypt:1)
  6 fire bats
  9 humans (D:13)
  5 golden eyes
  A minotaur simulacrum (Crypt:2)
  12 redbacks
  3 vampire mosquitoes
  6 neqoxecs (Pan)
  3 swamp worms
  11 large abominations
  A naga zombie (Tomb:2)
  3 harpy simulacra
  2 hydra simulacra
  A naga skeleton (Pan)
  2 floating eyes (Pan)
  5 swamp drakes
  A manticore zombie (Crypt:2)
  A black mamba simulacrum (Crypt:1)
  A blink frog zombie (WizLab)
  5 boggarts (Vaults:2)
  2 human skeletons
  7 centaurs (D:14)
  3 kobold brigands (D:14)
  A komodo dragon zombie (Crypt:1)
  3 wights (Abyss:2)
  A lindwurm simulacrum (IceCv)
  A howler monkey (D:9)
  An iron imp (Abyss:2)
  2 small abominations
  A starcursed mass (Abyss:1)
  2 orc wizards (D:13)
  A hound skeleton (Crypt:2)
  23 mummies
  5 orcs
  A hobgoblin zombie (Crypt:3)
  2 kobolds (D:14)
  2 creeping infernos
  4 fire vortices
804 creatures vanquished.

Vanquished Creatures (others)
  A seraph (Pan)
  A shard shrike (Coc:6)
  Kirke (Lair:4)
  2 eldritch tentacles
  A deep elf high priest (Elf:3)
  A hell hog (Geh:5)
  A sun demon (Pan)
  A swamp dragon (Swamp:4)
  A deep elf pyromancer (Elf:1)
  A rust devil (Hell)
  An anaconda simulacrum (Coc:2)
  4 bloated husks
  A spriggan (Swamp:2)
  A fire bat (Pan)
  A fire elemental (Zot:1)
  A swamp drake (Swamp:4)
  A kobold brigand (D:6)
  A bullfrog (Lair:4)
  2 gnolls (D:9)
  An orc (D:7)
  A kobold (D:3)
  3 ball lightnings (Pan)
  A butterfly (D:7)
  2 creeping infernos
  10 fire vortices
  30 foxfires
  7 tentacles
79 creatures vanquished.

Grand Total: 3697 creatures vanquished

Notes
Turn   | Place    | Note
-------+----------+-------------------------------------------
     0 | D:1      | middlethird the Vine Stalker Air Elementalist began the
                  | quest for the Orb.
     0 | D:1      | Reached XP level 1. HP: 9/9 MP: 4/4
   109 | D:1      | Reached XP level 2. HP: 7/13 MP: 0/6
   112 | D:1      | Learned a level 2 spell: Static Discharge
   392 | D:1      | Found Miebroq's Jewellery Shoppe.
   457 | D:1      | Reached XP level 3. HP: 16/16 MP: 8/8
   509 | D:2      | Reached skill level 3 in Spellcasting
   669 | D:2      | Reached skill level 1 in Fighting
   669 | D:2      | Gained mutation: Your natural rate of healing is unusually
                  | fast. [Vine Stalker growth]
   669 | D:2      | Reached XP level 4. HP: 14/22 MP: 1/10
   835 | D:2      | Reached skill level 4 in Spellcasting
   862 | D:2      | Reached XP level 5. HP: 26/26 MP: 6/12
  1293 | D:3      | Found a burning altar of Makhleb.
  1293 | D:3      | Found a shadowy altar of Dithmenos.
  1298 | D:3      | Found a hide-covered altar of Uskayaw.
  1300 | D:3      | Found an iron altar of Okawaru.
  1301 | D:3      | Found a faded altar of an unknown god.
  1344 | D:3      | Found Siyll's Book Boutique.
  1478 | D:3      | Found a shimmering altar of Xom.
  1604 | D:3      | Found a basalt altar of Yredelemnul.
  1977 | D:4      | Got Cryptic Knowledge 101
  1986 | D:4      | Identified the +1 robe of Vehumet's Favour {rC- Will+++
                  | Regen+ Archmagi}
  2370 | D:4      | Found Vacel's General Store.
  2378 | D:4      | Bought a scroll of enchant armour for 75 gold pieces
  2378 | D:4      | Bought a throwing net for 30 gold pieces
  2390 | D:5      | Entered Level 5 of the Dungeon
  2518 | D:5      | Reached XP level 6. HP: 5/32 MP: 2/13
  2581 | D:5      | Reached skill level 5 in Spellcasting
  2780 | D:5      | Reached skill level 6 in Spellcasting
  2941 | D:5      | Noticed a black bear
  2961 | D:5      | Killed a black bear
  2962 | D:5      | Reached XP level 7. HP: 37/37 MP: 9/17
  2993 | D:6      | Noticed a steam dragon
  3088 | D:5      | Learned a level 1 spell: Apportation
  3333 | D:6      | Gained mutation: You have razor-sharp teeth. [Vine Stalker
                  | growth]
  3333 | D:6      | Reached XP level 8. HP: 42/42 MP: 7/18
  3438 | D:6      | Reached skill level 5 in Fighting
  3445 | D:6      | Found Xykhuo's Book Boutique.
  3642 | D:6      | Noticed Grinder
  3655 | D:6      | Killed Grinder
  3656 | D:6      | Reached skill level 7 in Spellcasting
  3823 | D:7      | Reached XP level 9. HP: 48/48 MP: 10/21
  3824 | D:7      | Reached skill level 8 in Spellcasting
  3850 | D:7      | Noticed a boulder beetle
  3863 | D:7      | Killed a boulder beetle
  3881 | D:7      | Noticed a kobold demonologist
  3881 | D:7      | Noticed a purple ugly thing
  3936 | D:7      | Reached skill level 9 in Spellcasting
  3951 | D:7      | Found a white marble altar of Elyvilon.
  3978 | D:7      | Found an opulent altar of Gozag.
  4088 | D:7      | Reached XP level 10. HP: 27/56 MP: 10/24
  4125 | D:7      | Reached skill level 10 in Spellcasting
  4151 | D:7      | Found a blossoming altar of Fedhas.
  4229 | D:7      | Killed a white ugly thing
  4241 | D:7      | Identified the +1 ring mail of Hopscotch {-Cast rPois rC+++
                  | Regen+}
  4247 | D:7      | Identified the amulet "Komeklyg" {Spirit rF++ Int+4 Dex-5}
  4250 | D:7      | Identified the +5 ring mail of the Blessed Realm {rPois
                  | Will+ rCorr Int+3}
  4268 | D:7      | Got the Catalogue of Translocation and Lightning
  4362 | D:7      | Found a staircase to the Ecumenical Temple.
  4370 | Temple   | Entered the Ecumenical Temple
  4377 | Temple   | Became a worshipper of Cheibriados the Contemplative
  4497 | D:8      | Noticed LustLizard's ghost (novice OpCj)
  4497 | D:8      | Found a transporter.
  4503 | D:8      | Identified the +7 dire flail "Omuenol" {flame, Fly rC+
                  | Dex+3}
  4503 | D:8      | Identified the +9 great mace "Tiotad" {holy, rN+ Dex+3}
  4503 | D:8      | Noticed a two-headed ogre
  4505 | D:8      | Found a transporter.
  4656 | D:8      | Found a glowing golden altar of the Shining One.
  4672 | D:8      | Noticed Maurice
  4683 | D:8      | Killed Maurice
  4684 | D:8      | Reached skill level 1 in Armour
  4684 | D:8      | Reached skill level 1 in Translocations
  4743 | D:8      | Found Weoziangin's Armour Shop.
  4998 | D:9      | Reached * piety under Cheibriados
  5061 | D:9      | Noticed a two-headed ogre
  5073 | D:9      | Killed a two-headed ogre
  5074 | D:9      | Reached skill level 11 in Spellcasting
  5108 | D:9      | Noticed a kobold demonologist
  5124 | D:9      | Reached ** piety under Cheibriados
  5142 | D:9      | Found a staircase to the Orcish Mines.
  5143 | D:9      | Noticed a rust devil
  5156 | D:9      | Killed a kobold demonologist
  5157 | D:9      | Reached XP level 11. HP: 17/62 MP: 7/27
  5482 | D:3      | Bought a book of Weapons for 336 gold pieces
  5482 | D:3      | Bought a book of Geomancy for 216 gold pieces
  5485 | D:3      | Learned a level 2 spell: Passwall
  5760 | D:10     | Entered Level 10 of the Dungeon
  5776 | D:10     | Learned a level 3 spell: Vhi's Electric Charge
  5993 | D:10     | Reached *** piety under Cheibriados
  6224 | D:10     | Noticed a two-headed ogre
  6245 | D:10     | Killed a two-headed ogre
  6246 | D:10     | Reached skill level 10 in Fighting
  6246 | D:10     | Reached skill level 12 in Spellcasting
  6307 | D:10     | Reached skill level 1 in Transmutations
  6307 | D:10     | Noticed a two-headed ogre
  6318 | D:10     | Killed a two-headed ogre
  6561 | D:10     | Learned a level 5 spell: Blade Hands
  6629 | D:11     | Noticed a manticore
  6636 | D:11     | Killed a manticore
  6637 | D:11     | Reached skill level 1 in Unarmed Combat
  6651 | D:11     | Identified a scroll of acquirement
  6652 | D:11     | Acquired 1111 gold pieces
  6716 | D:11     | Reached skill level 5 in Transmutations
  6731 | D:11     | Found a shimmering blue altar of Sif Muna.
  6805 | D:11     | Found a staircase to the Lair.
  6818 | D:11     | Reached **** piety under Cheibriados
  6819 | D:11     | Reached XP level 12. HP: 60/67 MP: 29/29
  7115 | Lair:1   | Entered Level 1 of the Lair of Beasts
  7169 | Lair:1   | Reached skill level 5 in Unarmed Combat
  7459 | Lair:1   | Reached ***** piety under Cheibriados
  7646 | Lair:2   | Found a staircase to the Swamp.
  7648 | Lair:2   | Noticed a five-headed hydra
  7660 | Lair:2   | Killed a five-headed hydra
  7660 | Lair:2   | HP: 3/67 [bog body/bolt of cold (22)]
  7718 | Lair:2   | Noticed a seven-headed hydra
  7734 | Lair:2   | Killed a seven-headed hydra
  7763 | Lair:2   | Found a hole to the Spider Nest.
  7818 | Lair:2   | Found a dark tunnel.
  7819 | Volcano  | Entered a volcano
  7843 | Volcano  | Reached XP level 13. HP: 72/72 MP: 30/30
  7903 | Volcano  | Reached skill level 10 in Unarmed Combat
  7903 | Volcano  | Noticed an orb of fire
  7932 | Volcano  | Noticed a red draconian
  7942 | Volcano  | Killed a red draconian
  7950 | Volcano  | Noticed an orb of fire
  8533 | Lair:3   | Reached ****** piety under Cheibriados
  8875 | Lair:4   | Noticed Kirke
  8883 | Lair:4   | Noticed Nessos
  8884 | Lair:4   | Killed Kirke
  8896 | Lair:4   | Killed Nessos
  8897 | Lair:4   | Reached XP level 14. HP: 18/77 MP: 8/31
  8941 | Lair:4   | Found a staircase to the Slime Pits.
  9212 | Lair:5   | Entered Level 5 of the Lair of Beasts
  9471 | Lair:5   | Noticed a dire elephant
  9482 | Lair:5   | Killed a dire elephant
  9483 | Lair:5   | Reached skill level 15 in Unarmed Combat
  9527 | Lair:5   | Found a burning altar of Makhleb.
  9804 | Lair:5   | Found a gateway to Hell.
  9824 | Lair:5   | Noticed a dire elephant
  9828 | Lair:5   | Killed a dire elephant
 10047 | D:12     | Found Gikkoggev's Distillery.
 10057 | D:12     | Bought a potion of might for 52 gold pieces
 10057 | D:12     | Bought a potion of flight for 39 gold pieces
 10057 | D:12     | Bought a potion of might for 52 gold pieces
 10057 | D:12     | Bought a potion of lignification for 39 gold pieces
 10057 | D:12     | Bought a potion of brilliance for 52 gold pieces
 10097 | D:12     | Found a gate leading to a gauntlet.
 10107 | Gauntlet | Entered a Gauntlet
 10107 | Gauntlet | Found a transporter.
 10116 | Gauntlet | Found a transporter.
 10131 | Gauntlet | Found a transporter.
 10137 | Gauntlet | Found a transporter.
 10162 | Gauntlet | Found a transporter.
 10171 | Gauntlet | Found a transporter.
 10183 | Gauntlet | Found a transporter.
 10188 | Gauntlet | Found a transporter.
 10190 | Gauntlet | Found a transporter.
 10209 | Gauntlet | Found a transporter.
 10215 | Gauntlet | Found a transporter.
 10236 | Gauntlet | Found a transporter.
 10241 | Gauntlet | Found a transporter.
 10243 | Gauntlet | Found a transporter.
 10266 | Gauntlet | Found a transporter.
 10271 | Gauntlet | Found a transporter.
 10316 | Gauntlet | Found a transporter.
 10356 | Gauntlet | Found a transporter.
 10451 | Gauntlet | Identified the ring "Paumodaf" {Drain Fly rPois rF+ Dex+2}
 10916 | D:12     | Reached XP level 15. HP: 70/84 MP: 15/32
 11073 | D:8      | Killed LustLizard's ghost
 11318 | D:4      | Learned a level 2 spell: Wereblood
 11370 | D:3      | Bought an Everburning Encyclopedia for 432 gold pieces
 11370 | D:3      | Bought a Necronomicon for 672 gold pieces
 11420 | D:1      | Bought the ring of Fimip {Wiz Str+3} for 476 gold pieces
 11420 | D:1      | Bought a ring of see invisible for 165 gold pieces
 11581 | Orc:1    | Entered Level 1 of the Orcish Mines
 11581 | Orc:1    | Found Niklu's Armour Shoppe.
 11581 | Orc:1    | Found Deseynoa's Distillery.
 11614 | Orc:1    | Noticed Fannar
 11625 | Orc:1    | Killed Fannar
 11635 | Orc:1    | Reached skill level 5 in Armour
 11952 | Orc:1    | Found Berus's Jewellery Shop.
 12015 | Orc:2    | Entered Level 2 of the Orcish Mines
 12134 | Orc:2    | Found Linej's Distillery.
 12137 | Orc:2    | Found Omared's Magic Scroll Shop.
 12195 | Orc:2    | Reached skill level 5 in Dodging
 12251 | Orc:2    | Found Ygoeleym's Book Emporium.
 12251 | Orc:2    | Found Cinoixos's Antique Armour Shoppe.
 12251 | Orc:2    | Found a one-way gate leading to the halls of Pandemonium.
 12284 | Orc:2    | Bought a scroll of fog for 44 gold pieces
 12284 | Orc:2    | Bought a scroll of blinking for 82 gold pieces
 12284 | Orc:2    | Bought a scroll of fog for 44 gold pieces
 12284 | Orc:2    | Bought a scroll of summoning for 104 gold pieces
 12284 | Orc:2    | Bought a scroll of teleportation for 33 gold pieces
 12284 | Orc:2    | Bought a scroll of magic mapping for 82 gold pieces
 12301 | Orc:2    | Found a staircase to the Elven Halls.
 12804 | Orc:1    | Found Gellar Foyw's Antique Weapon Shoppe.
 12863 | Orc:1    | Bought a +2 pair of gloves of strength for 258 gold pieces
 12888 | Orc:1    | Bought a potion of magic for 128 gold pieces
 12888 | Orc:1    | Bought a potion of mutation for 128 gold pieces
 12888 | Orc:1    | Bought a potion of degeneration for 16 gold pieces
 12999 | Spider:1 | Entered Level 1 of the Spider Nest
 13024 | Spider:1 | Reached skill level 1 in Invocations
 13056 | Spider:1 | Reached skill level 13 in Spellcasting
 13062 | Spider:1 | Noticed Frances
 13074 | Spider:1 | Killed Frances
 13367 | Spider:1 | Reached XP level 16. HP: 84/89 MP: 34/34
 13473 | Spider:1 | Reached skill level 14 in Spellcasting
 13639 | Spider:2 | Reached skill level 5 in Invocations
 13697 | Spider:2 | Identified the +0 pair of boots of Salvation {Contam rElec
                  | rPois Dex+6}
 13817 | Spider:2 | Noticed Arachne
 13827 | Spider:2 | Killed Arachne
 13875 | Spider:2 | Noticed Agnes
 13881 | Spider:2 | Killed Agnes
 13901 | Spider:2 | Reached skill level 1 in Necromancy
 13938 | Spider:2 | Learned a level 6 spell: Death Channel
 14072 | Spider:2 | Learned a level 5 spell: Borgnjor's Vile Clutch
 14184 | Spider:2 | Noticed Asterion
 14190 | Spider:2 | Killed Asterion
 14191 | Spider:2 | Reached skill level 5 in Necromancy
 14305 | Spider:2 | Identified the +3 leather armour "Digh" {rF+ rC+ Int+4}
 14388 | Spider:3 | Reached XP level 17. HP: 95/97 MP: 30/36
 14410 | Spider:3 | Found a frozen archway.
 14434 | IceCv    | Entered an ice cave
 14445 | IceCv    | Found a transporter.
 14460 | IceCv    | Found a transporter.
 14540 | IceCv    | Identified the ring "Pudakkacs" {Ice rElec rN+ Stlth-}
 14546 | IceCv    | Identified the +9 war axe of Foam {holy, Str+3}
 14875 | Spider:3 | Upgraded the game from 0.30.0-29-ga12c61a403 to
                  | 0.30.0-30-g96aa6591b8
 14876 | Spider:4 | Entered Level 4 of the Spider Nest
 15062 | Spider:4 | Reached skill level 10 in Necromancy
 15272 | Spider:4 | Identified the +0 leather armour of Defiance {rElec Dex+4}
 15425 | Spider:4 | Identified the +1 hat of the Mind {Stlth+}
 15428 | Spider:4 | Got a gossamer rune of Zot
 15627 | Swamp:1  | Entered Level 1 of the Swamp
 15927 | Swamp:1  | Reached XP level 18. HP: 54/102 MP: 20/37
 16252 | Swamp:2  | Learned a level 8 spell: Necromutation
 16261 | Swamp:2  | Learned a level 8 spell: Infestation
 16447 | Swamp:3  | Found a runed translucent gate.
 16448 | Swamp:3  | Found a runed translucent gate.
 16449 | Swamp:3  | Found a runed translucent gate.
 16450 | Swamp:3  | Noticed hawkwood's ghost (adept DgAr)
 16459 | Swamp:3  | Killed hawkwood's ghost
 16515 | Swamp:4  | Entered Level 4 of the Swamp
 16545 | Swamp:4  | Noticed a tentacled monstrosity
 16550 | Swamp:4  | Killed a tentacled monstrosity
 16617 | Swamp:4  | Reached skill level 15 in Necromancy
 16638 | Swamp:4  | Reached skill level 10 in Transmutations
 16652 | Swamp:4  | Got a decaying rune of Zot
 16982 | Slime:1  | Entered Level 1 of the Pits of Slime
 17116 | Slime:4  | Reached XP level 19. HP: 106/106 MP: 38/38
 17127 | Slime:5  | Entered Level 5 of the Pits of Slime
 17225 | Slime:5  | Found a viscous altar of Jiyva.
 17226 | Slime:5  | Noticed the Royal Jelly
 17243 | Slime:5  | Killed the Royal Jelly
 17244 | Slime:5  | Reached skill level 15 in Spellcasting
 17280 | Slime:5  | Found the +1 cloak of Starlight {*Dazzle EV+4 Stlth--}
 17312 | Slime:5  | Identified the ring of Meonoadu {Str+6 Int+5 Dex+6 Stlth+}
 17314 | Slime:5  | Identified the amulet of Joy {Will+ Regen+ Str+2 Dex-4}
 17320 | Slime:5  | Identified the +8 tower shield of the Lobster {Drain rPois
                  | Str+8 Int-4 SInv}
 17336 | Slime:5  | Identified the staff of conjuration "Aliqah" {rPois Will+}
 17345 | Slime:5  | Got Sif Muna's Parchment of Gloom and Toxins
 17345 | Slime:5  | Got a slimy rune of Zot
 17614 | Elf:1    | Entered Level 1 of the Elven Halls
 17720 | Elf:1    | Found Weamudoci's Mass Market.
 17735 | Elf:1    | Reached skill level 16 in Spellcasting
 17841 | Elf:1    | Got the Tome of the Assassin
 18101 | Elf:2    | Found Koisadgh's Assorted Antiques.
 18109 | Elf:2    | Bought a potion of magic for 248 gold pieces
 18141 | Elf:2    | Identified the +10 mace of the Fortifying Augurer {speed,
                  | rPois rCorr Str-3}
 18229 | Elf:2    | Got the Thoughts on Star-crossed Battle Magic
 18280 | Elf:3    | Entered Level 3 of the Elven Halls
 18284 | Elf:3    | Reached skill level 15 in Fighting
 18321 | Elf:3    | Reached XP level 20. HP: 113/113 MP: 22/41
 18333 | Elf:3    | Paralysed by an air elemental for 1 turns
 18385 | Elf:3    | Identified the +6 war axe of Vanity {drain, rC- Will++
                  | rCorr Dex-3}
 18418 | Elf:3    | Identified the amulet "Faufin" {Spirit rElec rF+ Will+
                  | SInv}
 18432 | Elf:3    | Identified the ring "Pihuab Ushel" {+Blink rCorr EV+5
                  | Str+4}
 18446 | Elf:3    | Identified the ring "Fezuuc" {rPois rF+ rC+ Slay+2}
 18490 | Elf:3    | Identified the staff of death "Bavaoth" {rPois rC+++ rN+
                  | Str+4 Int-5}
 18537 | Elf:3    | Identified the +4 demon blade "Qefeq" {pain, rElec rC+
                  | Str-3}
 18547 | Elf:3    | Identified the staff of poison "Baykanik" {rPois Will+++
                  | Dex+2}
 18997 | D:13     | Found a gate to the Vaults.
 19461 | D:15     | Entered Level 15 of the Dungeon
 19906 | D:15     | Reached skill level 1 in Earth Magic
 20007 | D:15     | Found a staircase to the Depths.
 20172 | Vaults:1 | Entered Level 1 of the Vaults
 20311 | Vaults:1 | Learned a level 5 spell: Lee's Rapid Deconstruction
 20328 | Vaults:1 | Reached skill level 5 in Earth Magic
 20456 | Vaults:1 | Reached XP level 21. HP: 51/119 MP: 34/42
 20856 | Vaults:1 | Identified the +6 triple crossbow of the Ancient Beggars
                  | {flame, Fly}
 20975 | Vaults:2 | Found a staircase to the Crypt.
 21100 | Vaults:2 | Reached skill level 10 in Earth Magic
 21752 | Vaults:3 | Identified the +3 scimitar of the People {flame, rPois
                  | Will+ rCorr Dex+2}
 21986 | Vaults:3 | Found Qischeok's Assorted Antiques.
 22000 | Vaults:3 | Bought a scroll of teleportation for 90 gold pieces
 22000 | Vaults:3 | Bought a potion of brilliance for 120 gold pieces
 22000 | Vaults:3 | Bought a scroll of amnesia for 120 gold pieces
 22123 | Vaults:3 | Reached XP level 22. HP: 116/124 MP: 40/43
 22137 | Vaults:3 | You fall into a shaft and drop 1 floor!
 22371 | Vaults:3 | Reached skill level 15 in Earth Magic
 22839 | Vaults:5 | Entered Level 5 of the Vaults
 22870 | Vaults:5 | Reached skill level 17 in Spellcasting
 22905 | Vaults:5 | Reached skill level 18 in Spellcasting
 22958 | Vaults:5 | Identified the ring of False Pretenses {rPois rF++ rN+
                  | rCorr Dex-5}
 22961 | Vaults:5 | Got Sif Muna's Collected Works on Altered Spellbinding
 23157 | Vaults:5 | Noticed a dread lich
 23163 | Vaults:5 | Reached XP level 23. HP: 72/128 MP: 39/46
 23166 | Vaults:5 | Killed a dread lich
 23176 | Vaults:5 | Acquired a book of the Moon
 23181 | Vaults:5 | Acquired an Inescapable Atlas
 23186 | Vaults:5 | Learned a level 2 spell: Blink
 23186 | Vaults:5 | Acquired 292 gold pieces
 23279 | Vaults:5 | Got a silver rune of Zot
 23286 | Vaults:5 | Noticed a dread lich
 23295 | Vaults:5 | Killed a dread lich
 23357 | Vaults:5 | Identified the +0 pair of boots of Gozag's Respect {Int+2}
 23499 | Vaults:5 | Identified the staff of conjuration "Bus Osoeck" {rCorr
                  | Dex+2}
 24129 | Vaults:2 | Gained mutation: Your magical capacity is low. (-10% MP)
                  | [potion of mutation]
 24129 | Vaults:2 | Gained mutation: Your muscles are strong. (Str +4, Int/Dex
                  | -1) [potion of mutation]
 24130 | Vaults:2 | Lost mutation: Your muscles are strong. (Str +4, Int/Dex
                  | -1) [potion of mutation]
 24130 | Vaults:2 | Lost mutation: Your magical capacity is low. (-10% MP)
                  | [potion of mutation]
 24130 | Vaults:2 | Gained mutation: You occasionally lose the ability to read
                  | scrolls when taking damage. [potion of mutation]
 24130 | Vaults:2 | Gained mutation: Your body sometimes deteriorates upon
                  | taking damage. [potion of mutation]
 24130 | Vaults:2 | Gained mutation: Your body often deteriorates upon taking
                  | damage. [potion of mutation]
 24131 | Vaults:2 | Lost mutation: You occasionally lose the ability to read
                  | scrolls when taking damage. [potion of mutation]
 24131 | Vaults:2 | Lost mutation: Your body often deteriorates upon taking
                  | damage. [potion of mutation]
 24131 | Vaults:2 | Lost mutation: Your body sometimes deteriorates upon taking
                  | damage. [potion of mutation]
 24131 | Vaults:2 | Gained mutation: You have a pair of small antennae on your
                  | head. [potion of mutation]
 24131 | Vaults:2 | Gained mutation: Your skin changes colour to match your
                  | surroundings (Stealth+). [potion of mutation]
 24131 | Vaults:2 | Gained mutation: You are dopey. (Int -2) [potion of
                  | mutation]
 24131 | Vaults:2 | Gained mutation: You have sharp toenails. [potion of
                  | mutation]
 24132 | Vaults:2 | Lost mutation: Your skin changes colour to match your
                  | surroundings (Stealth+). [potion of mutation]
 24132 | Vaults:2 | Lost mutation: You are dopey. (Int -2) [potion of mutation]
 24132 | Vaults:2 | Gained mutation: Your spells are a little harder to cast,
                  | but a little more powerful. [potion of mutation]
 24132 | Vaults:2 | Gained mutation: You are dopey. (Int -2) [potion of
                  | mutation]
 24132 | Vaults:2 | Gained mutation: You are resistant to electric shocks.
                  | (rElec) [potion of mutation]
 24133 | Vaults:2 | Lost mutation: You have a pair of small antennae on your
                  | head. [potion of mutation]
 24133 | Vaults:2 | Lost mutation: You are dopey. (Int -2) [potion of mutation]
 24133 | Vaults:2 | Lost mutation: You have sharp toenails. [potion of
                  | mutation]
 24133 | Vaults:2 | Gained mutation: Your mind is acute. (Int +4, Str/Dex -1)
                  | [potion of mutation]
 24133 | Vaults:2 | Gained mutation: You are covered in fur. (AC +1) [potion of
                  | mutation]
 24142 | Crypt:1  | Entered Level 1 of the Crypt
 24248 | Crypt:1  | Found an ancient bone altar of Kikubaaqudgha.
 24324 | Crypt:1  | Noticed Mennas
 24347 | Crypt:1  | Killed Mennas
 24518 | Crypt:1  | Reached skill level 10 in Dodging
 24764 | Crypt:2  | Found a runed translucent gate.
 24764 | Crypt:2  | Found a runed translucent gate.
 24764 | Crypt:2  | Found a runed translucent gate.
 24764 | Crypt:2  | Noticed Esekla's ghost (veteran DENe)
 24780 | Crypt:2  | Reached skill level 10 in Armour
 24786 | Crypt:2  | Killed Esekla's ghost
 24857 | Crypt:2  | Reached XP level 24. HP: 133/133 MP: 46/46
 24964 | Crypt:3  | Entered Level 3 of the Crypt
 24995 | Crypt:3  | Learned a level 9 spell: Shatter
 25086 | Crypt:2  | Noticed Margery
 25090 | Crypt:2  | Reached skill level 19 in Spellcasting
 25090 | Crypt:2  | Killed Margery
 25198 | Crypt:3  | Found a staircase to the Tomb.
 25214 | Crypt:3  | Noticed a curse toe
 25214 | Crypt:3  | Noticed a curse toe
 25222 | Crypt:3  | Killed a curse toe
 25225 | Crypt:3  | Killed a curse toe
 25239 | Crypt:3  | Noticed an ancient lich
 25243 | Crypt:3  | Killed an ancient lich
 25244 | Crypt:3  | Reached skill level 20 in Spellcasting
 25274 | Crypt:3  | Identified the ring of Winter {Fly rF++ rC+ rN+ Int-4}
 25275 | Crypt:3  | Identified the ring "Xamahic" {rN+ Str+2 Int-5 Dex+2}
 25276 | Crypt:3  | Identified the ring of the Squeaky God {rC+ rN+ Will+ Dex+2
                  | SInv}
 25277 | Crypt:3  | Identified the ring of Sampess {rF+++ rC- rCorr Int-2
                  | Dex+3}
 25278 | Crypt:3  | Identified the staff of fire "Zuack" {Fly rF+ rC- rN+
                  | Int+3}
 25280 | Crypt:3  | Identified the +4 chain mail "Cynizi" {-Cast rPois rC+}
 25289 | Crypt:3  | Noticed an ancient lich
 25292 | Crypt:3  | Killed an ancient lich
 25320 | Tomb:1   | Entered Level 1 of the Tomb of the Ancients
 25427 | Tomb:1   | Noticed a royal mummy
 25431 | Tomb:1   | Killed a royal mummy
 25554 | Tomb:1   | Found the necklace of Bloodlust {Fury *Rage Will++ Int-3
                  | Slay+6}
 25642 | Tomb:2   | Noticed a royal mummy
 25642 | Tomb:2   | Noticed a royal mummy
 25653 | Tomb:2   | Killed a royal mummy
 25654 | Tomb:2   | Reached XP level 25. HP: 75/137 MP: 48/48
 25659 | Tomb:2   | Noticed a royal mummy
 25666 | Tomb:2   | Killed a royal mummy
 25677 | Tomb:2   | Killed a royal mummy
 25683 | Tomb:2   | Noticed a royal mummy
 25686 | Tomb:2   | Killed a royal mummy
 25869 | Tomb:1   | Noticed a royal mummy
 25869 | Tomb:1   | Noticed a royal mummy
 25878 | Tomb:1   | Killed a royal mummy
 25885 | Tomb:1   | Killed a royal mummy
 25905 | Tomb:1   | Noticed a royal mummy
 25910 | Tomb:1   | Killed a royal mummy
 25915 | Tomb:1   | Noticed a royal mummy
 25916 | Tomb:1   | Noticed a royal mummy
 25918 | Tomb:1   | Noticed a royal mummy
 25918 | Tomb:1   | Noticed a royal mummy
 25919 | Tomb:1   | Killed a royal mummy
 25926 | Tomb:1   | Killed a royal mummy
 25933 | Tomb:1   | Killed a royal mummy
 25936 | Tomb:1   | Killed a royal mummy
 25976 | Tomb:1   | Noticed a royal mummy
 25979 | Tomb:1   | Noticed a royal mummy
 25985 | Tomb:1   | Killed a royal mummy
 25993 | Tomb:1   | Killed a royal mummy
 26001 | Tomb:1   | Noticed a royal mummy
 26005 | Tomb:1   | Noticed a royal mummy
 26006 | Tomb:1   | Killed a royal mummy
 26007 | Tomb:1   | Reached skill level 21 in Spellcasting
 26010 | Tomb:1   | Killed a royal mummy
 26016 | Tomb:1   | Noticed a royal mummy
 26024 | Tomb:1   | Killed a royal mummy
 26026 | Tomb:1   | Noticed a royal mummy
 26026 | Tomb:1   | Noticed a royal mummy
 26032 | Tomb:1   | Killed a royal mummy
 26037 | Tomb:1   | Killed a royal mummy
 26044 | Tomb:1   | Noticed a royal mummy
 26049 | Tomb:1   | Killed a royal mummy
 26084 | Tomb:1   | Noticed a royal mummy
 26086 | Tomb:1   | Noticed a royal mummy
 26091 | Tomb:1   | Killed a royal mummy
 26095 | Tomb:1   | Killed a royal mummy
 26300 | Tomb:3   | Entered Level 3 of the Tomb of the Ancients
 26319 | Tomb:3   | Noticed a royal mummy
 26326 | Tomb:3   | Reached skill level 22 in Spellcasting
 26330 | Tomb:3   | Noticed a royal mummy
 26333 | Tomb:3   | Killed a royal mummy
 26335 | Tomb:3   | Noticed a royal mummy
 26337 | Tomb:3   | Killed a royal mummy
 26340 | Tomb:3   | Killed a royal mummy
 26342 | Tomb:3   | Noticed a royal mummy
 26343 | Tomb:3   | Reached XP level 26. HP: 129/145 MP: 47/50
 26345 | Tomb:3   | Killed a royal mummy
 26351 | Tomb:3   | Noticed a royal mummy
 26354 | Tomb:3   | Noticed a royal mummy
 26355 | Tomb:3   | Killed a royal mummy
 26358 | Tomb:3   | Noticed a royal mummy
 26358 | Tomb:3   | Noticed a royal mummy
 26371 | Tomb:3   | Killed a royal mummy
 26374 | Tomb:3   | Killed a royal mummy
 26386 | Tomb:3   | Killed a royal mummy
 26410 | Tomb:3   | Got a golden rune of Zot
 26563 | Tomb:3   | Found the +3 salamander hide armour {Flames, rFlCloud rF++
                  | rC--}
 26575 | Tomb:3   | Identified the ring "Alakkiju" {AC+4 Str+4 Int+2 SInv}
 26597 | Tomb:3   | Identified the +4 ring mail of Ennui {rPois MP+9}
 27245 | Depths:1 | Entered Level 1 of the Depths
 27332 | Depths:1 | Found a magical portal.
 27374 | WizLab   | Entered Doroklohe's Tomb
 27518 | WizLab   | Noticed a royal mummy
 27521 | WizLab   | Killed a royal mummy
 27688 | Depths:1 | Found a runed translucent door.
 27723 | Depths:1 | Identified the +0 robe of the Eagle {rElec rF- Regen+
                  | Dex+6}
 27786 | Depths:1 | Found a portal to a secret trove of treasure.
 27902 | Depths:1 | Found a one-way gateway to a ziggurat.
 28034 | Depths:2 | Found an ancient bone altar of Kikubaaqudgha.
 28473 | Depths:3 | Reached XP level 27. HP: 151/151 MP: 32/50
 28505 | Depths:3 | Identified the +6 rapier of Wicked Valiance {heavy, Will+
                  | Dex+2}
 28506 | Depths:3 | Got the Folio of the Vapourous Stinger
 28517 | Depths:3 | Identified the ring of Baerpho Loeq {Ice SInv}
 28517 | Depths:3 | Noticed Josephina
 28524 | Depths:3 | Killed Josephina
 28587 | Depths:3 | Found a one-way gate to the infinite horrors of the Abyss.
 28633 | Depths:3 | Identified the +7 halberd "Hellblazer" {drain, rPois rF++
                  | Dex-3 Stlth+}
 28643 | Depths:3 | You fall into a shaft and drop 1 floor!
 28643 | Depths:4 | Entered Level 4 of the Depths
 28643 | Depths:4 | Found a hide-covered altar of Uskayaw.
 28660 | Depths:4 | Noticed a juggernaut
 28669 | Depths:4 | Killed a juggernaut
 28682 | Depths:4 | Reached skill level 10 in Invocations
 28928 | Depths:4 | Learned a level 8 spell: Lehudib's Crystal Spear
 29023 | Depths:4 | Found a gate to the Realm of Zot.
 29329 | Pan      | Entered Pandemonium
 29602 | Pan      | Identified the +5 chain mail of Cocytus {rPois Regen+ SInv
                  | Stlth-}
 29711 | Pan      | Noticed Zienatt the pandemonium lord
 29718 | Pan      | Killed Zienatt the pandemonium lord
 29846 | Pan      | Noticed Rargh the pandemonium lord
 29851 | Pan      | Killed Rargh the pandemonium lord
 30074 | Pan      | Found a white marble altar of Elyvilon.
 30353 | Pan      | Found a glowing silver altar of Zin.
 30507 | Pan      | Noticed a seraph
 30508 | Pan      | Found a glowing golden altar of the Shining One.
 30747 | Pan      | Killed a seraph
 30768 | Pan      | Identified the staff of death "Fiduceefy" {rN+ Will+}
 30770 | Pan      | Got a demonic rune of Zot
 31032 | Depths:2 | Escaped Pandemonium
 31036 | Pan      | Entered the realm of Gloorx Vloq.
 31036 | Pan      | Entered Pandemonium
 31259 | Pan      | Reached skill level 1 in Fire Magic
 31279 | Pan      | Noticed Gloorx Vloq
 31286 | Pan      | Killed Gloorx Vloq
 31299 | Pan      | Got a dark rune of Zot
 31323 | Pan      | Reached skill level 5 in Fire Magic
 31330 | Pan      | Found an exit through the horrors of the Abyss.
 31349 | Pan      | Entered the realm of Lom Lobon.
 31690 | Pan      | Noticed Lom Lobon
 31707 | Pan      | Killed Lom Lobon
 31728 | Pan      | Got a magical rune of Zot
 31808 | Pan      | Learned a level 8 spell: Ignition
 31981 | Pan      | Found an exit through the horrors of the Abyss.
 32006 | Pan      | Reached skill level 10 in Fire Magic
 32109 | Pan      | Entered the realm of Cerebov.
 32200 | Pan      | Identified the staff of cold "Osyrr" {rC+ rN+++ Str-4
                  | Int+3}
 32215 | Pan      | Found the +6 sword of Cerebov {flame}
 32215 | Pan      | Noticed Cerebov
 32218 | Pan      | Got the Enchiridion on Portals
 32282 | Pan      | Killed Cerebov
 32287 | Pan      | Identified the ring of Qixoig {rF+ SInv Stlth+}
 32288 | Pan      | Identified the +0 robe of Lust {Harm}
 32307 | Pan      | Identified the +8 mace of Ru's Hope {vamp, Contam rElec rF-
                  | MP+9}
 32315 | Pan      | Identified the staff of poison "Onkurea" {rPois Dex+5}
 32322 | Pan      | Identified the +7 rapier of Ocsiaxt {flame, rElec rPois
                  | rCorr Stlth-}
 32323 | Pan      | Got a fiery rune of Zot
 32610 | Pan      | Entered the realm of Mnoleg.
 32610 | Pan      | Found an exit through the horrors of the Abyss.
 32678 | Pan      | Paralysed by a floating eye for 4 turns
 32695 | Pan      | Noticed Mnoleg
 32702 | Pan      | Killed Mnoleg
 32717 | Pan      | Identified the staff of poison "Zaci" {rPois rF- rCorr
                  | Str+5 Dex+4}
 32733 | Pan      | Got a glowing rune of Zot
 32798 | Pan      | Took an exit into the Abyss.
 32798 | Abyss:1  | Escaped into the Abyss
 33157 | Abyss:2  | Found a corrupted altar of Lugonu.
 33157 | Abyss:2  | Found a corrupted altar of Lugonu.
 33179 | Abyss:2  | Found a corrupted altar of Lugonu.
 33181 | Abyss:2  | Found a corrupted altar of Lugonu.
 33181 | Abyss:2  | Found a corrupted altar of Lugonu.
 33453 | Abyss:2  | Found a corrupted altar of Lugonu.
 33495 | Abyss:3  | Found a corrupted altar of Lugonu.
 33502 | Abyss:3  | Noticed an ancient lich
 33504 | Abyss:3  | Got an abyssal rune of Zot
 33505 | Abyss:3  | Noticed an ancient lich
 33505 | Abyss:3  | Noticed an ancient lich
 33509 | Abyss:3  | Killed an ancient lich
 33514 | Abyss:3  | Killed an ancient lich
 33517 | Abyss:3  | Reached skill level 5 in Conjurations
 33519 | Abyss:3  | Killed an ancient lich
 33540 | Depths:2 | Escaped the Abyss
 33595 | Hell     | Entered the Vestibule of Hell
 33595 | Hell     | Noticed Geryon
 33603 | Hell     | Killed Geryon
 33605 | Hell     | Noticed Murray
 33618 | Hell     | Killed Murray
 33650 | Hell     | Found a gateway to the freezing wastes of Cocytus.
 33700 | Coc:1    | Entered Level 1 of Cocytus
 33707 | Coc:1    | You fall into a shaft and drop 1 floor!
 33738 | Coc:3    | Reached skill level 15 in Fire Magic
 34038 | Coc:7    | Entered Level 7 of Cocytus
 34050 | Coc:7    | Reached skill level 23 in Spellcasting
 34072 | Coc:7    | Paralysed by a wendigo for 1 turns
 34092 | Coc:7    | Noticed the Serpent of Hell
 34103 | Coc:7    | Killed the Serpent of Hell
 34124 | Coc:7    | Reached skill level 24 in Spellcasting
 34124 | Coc:7    | Paralysed by a wendigo for 1 turns
 34196 | Coc:7    | Noticed Antaeus
 34199 | Coc:7    | Reached skill level 15 in Armour
 34215 | Coc:7    | Killed Antaeus
 34225 | Coc:7    | Paralysed by a wendigo for 1 turns
 34242 | Coc:7    | Identified the +0 leather armour of Agoraphobia {Str+3}
 34243 | Coc:7    | Got an icy rune of Zot
 34258 | Coc:7    | Identified the +0 robe of the Great Game {rPois Will-
                  | Int+7}
 34395 | Hell     | Found a gateway to the ashen valley of Gehenna.
 34442 | Hell     | Reached skill level 15 in Dodging
 34449 | Hell     | Found a gateway to the decaying netherworld of Tartarus.
 34463 | Tar:1    | Entered Level 1 of Tartarus
 34867 | Tar:7    | Entered Level 7 of Tartarus
 34880 | Abyss:4  | Cast into level 4 of the Abyss (profane servitor)
 34962 | Abyss:4  | Paralysed by accursed screaming for 1 turns
 34977 | Tar:7    | Escaped the Abyss
 35176 | Tar:7    | Noticed Ereshkigal
 35221 | Tar:7    | Reached skill level 25 in Spellcasting
 35358 | Tar:7    | Killed Ereshkigal
 35369 | Tar:7    | Identified the ring of Midnight {Ice *Slow Int+5}
 35375 | Tar:7    | Got a bone rune of Zot
 35601 | Geh:1    | Entered Level 1 of Gehenna
 35696 | Geh:1    | Noticed an ancient lich
 35713 | Geh:1    | Killed an ancient lich
 35897 | Geh:6    | HP: 7/153 [Brimstone Fiend/damnation (5)]
 35984 | Geh:7    | Entered Level 7 of Gehenna
 36106 | Geh:7    | Reached skill level 26 in Spellcasting
 36217 | Geh:7    | Found the +13 sceptre of Asmodeus
 36217 | Geh:7    | Noticed Asmodeus
 36234 | Geh:7    | Killed Asmodeus
 36281 | Geh:7    | Identified the +2 pair of boots of Intuition {Drain rPois
                  | rF+++ Dex+3}
 36389 | Hell     | Found a gateway to the Iron City of Dis.
 36425 | Dis:1    | Entered Level 1 of the Iron City of Dis
 36622 | Dis:4    | Noticed an ancient lich
 36632 | Dis:4    | Killed an ancient lich
 36709 | Dis:7    | Entered Level 7 of the Iron City of Dis
 37225 | Dis:7    | HP: 4/156 [war gargoyle/spray of metal splinters (32)]
 37503 | Dis:7    | Noticed Dispater
 37547 | Dis:7    | Killed Dispater
 37554 | Dis:7    | Got an iron rune of Zot
 37848 | Geh:7    | Identified the ring "Wonex" {rPois rC+ MP+9 Dex+3}
 37859 | Geh:7    | Got an obsidian rune of Zot
 38007 | Zot:1    | Entered Level 1 of the Realm of Zot
 38015 | Zot:1    | Noticed an orb of fire
 38023 | Zot:1    | Killed an orb of fire
 38074 | Zot:1    | Reached skill level 27 in Spellcasting
 38220 | Zot:5    | Entered Level 5 of the Realm of Zot
 38311 | Zot:5    | Noticed a dread lich
 38325 | Zot:5    | Noticed an orb of fire
 38326 | Zot:5    | Killed a dread lich
 38345 | Zot:5    | Killed an orb of fire
 38349 | Zot:5    | Identified the +0 leather armour "Hinin" {rElec Str+3 Int-3
                  | Dex+10}
 38381 | Zot:5    | Noticed an orb of fire
 38417 | Zot:5    | Noticed an ancient lich
 38425 | Zot:5    | Killed an ancient lich
 38458 | Zot:5    | Noticed a dread lich
 38461 | Zot:5    | Noticed an orb of fire
 38465 | Zot:5    | Killed an orb of fire
 38465 | Zot:5    | Killed a dread lich
 38465 | Zot:5    | Noticed an orb of fire
 38483 | Zot:5    | Killed an orb of fire
 38496 | Zot:5    | Killed an orb of fire
 38558 | Zot:5    | Noticed an ancient lich
 38561 | Zot:5    | Killed an ancient lich
 38583 | Zot:5    | Got the Orb of Zot
 38761 | Depths:4 | Lost mutation: Your mind is acute. (Int +4, Str/Dex -1) [a
                  | neqoxec]
 39094 | D:4      | Noticed Dulaubru the pandemonium lord
 39106 | D:4      | Killed Dulaubru the pandemonium lord
 39201 | D:$      | Escaped with the Orb!

Illustrated notes

Levels and vault maps discovered:
D:1:      dpeg_cavernosity, layout_basic, serial_shops, nicolae_shop_peninsula,
          minivault_25, nicolae_figureground_sparkle
D:2:      cheibrodos_pilgrimage, layout_loops_corners
D:3:      layout_basic, mainiacjoe_overflow_concentric_impassable,
          chequers_temple_overflow_minitemple, nicolae_overflow_crystal_walls,
          serial_shops, shop_fountains
D:4:      layout_basic, serial_shops, shop, due_unseen_surprise
D:5:      layout_loops_ring, hangedman_decor_slide_cut, hellmonk_no_cap
D:6:      layout_loops_ring, serial_shops, shop, nicolae_fountain_basement,
          uniq_grinder
D:7:      minmay_the_grid_square_5x5_3x3
          [minmay_the_grid_square_5x5_pentomino_r,
          minmay_the_grid_square_5x5_tri_point,
          minmay_the_grid_square_5x5_six_small,
          minmay_the_grid_square_5x5_eight,
          minmay_the_grid_square_5x5_megaprize_diamond,
          minmay_the_grid_square_5x5_two, minmay_the_grid_square_5x5_meh,
          minmay_the_grid_square_5x5_seven,
          minmay_the_grid_square_5x5_two_walls_b], layout_cave_pools,
          lemuel_round_altar, grunt_gozag_breadcrumbs,
          nicolae_elyvilon_peaceful_grove, minmay_temple_entry_trees
D:8:      layout_rooms, tso_metal_star, serial_shops,
          nicolae_shop_window_shopping, gammafunk_ghost_smash, uniq_maurice
D:9:      layout_big_octagon, minmay_orc_entry_guard_dogs,
          hangedman_decor_growths
D:10:     minmay_razor_zed, layout_cave_pools, serial_demonic, serial_demonic_g,
          serial_demonic_c, serial_demonic_b, serial_demonic_c,
          kennysheep_potato
D:11:     layout_rooms, erik_lair_orcish_takeover, kennysheep_orc_sif_temple
D:12:     minmay_open_boxes_in_corner, layout_gridville, gauntlet_entry_generic,
          serial_shops, nicolae_shop_stone
D:13:     layout_irregular_city, ximxim_vaults_locker_room,
          nrook_guardian_serpent_double
D:14:     layout_rooms, nicolae_kite_square_tiling_tiny
D:15:     grunt_enter_depths_hoard, layout_cave_pods,
          chequers_serial_rivers_large_b, pond
Temple:   nicolae_temple_no_exploring_needed
Lair:1:   layout_gridlike, nicolae_quartered_pool_little
Lair:2:   layout_cave_shapes, skrybe_swamp_entry_bodies,
          spider_nest_entry_rubble, nicolae_volcano_entry_vermiform,
          chequers_serial_rivers_micro_d, cheibrodos_lair_reptile_den
Lair:3:   layout_cave_shapes, grunt_megastairs_1
Lair:4:   layout_long_grid, slime_entry_1, st_stairs_13,
          infiniplex_staircase_pool, uniq_kirke, uniq_nessos
Lair:5:   evil_forest, layout_regular_city, lemuel_fruit_fields
Swamp:1:  layout_basic_swamp, hangedman_swamp_cone, hangedman_swamp_grove
Swamp:2:  layout_basic_swamp, evilmike_swamp_ruin_rubble_1, swamp_pool4
Swamp:3:  layout_basic_swamp, ebering_ghost_rock_garden,
          evilmike_swamp_ruin_house_1
Swamp:4:  swamp_alternative, layout_basic_swamp, swamp_pool5,
          nicolae_swamp_bean_lake
Spider:1: layout_chambers, hangedman_spider_tarantella_strand, uniq_frances
Spider:2: nicolae_spider_hilbert_zone_4 [nicolae_spider_hilbert_4_sides_2_open,
          nicolae_spider_hilbert_4_sides_1_open,
          nicolae_spider_hilbert_4_sides_1_open,
          nicolae_spider_hilbert_4_sides_1_open,
          nicolae_spider_hilbert_4_sides_1_open,
          nicolae_spider_hilbert_2_sides_1_open,
          nicolae_spider_hilbert_2_sides_1_open,
          nicolae_spider_hilbert_2_sides_1_open,
          nicolae_spider_hilbert_2_sides_1_open,
          nicolae_spider_hilbert_6_sides_1_open,
          nicolae_spider_hilbert_6_sides_1_open,
          nicolae_spider_hilbert_3_sides_1_open,
          nicolae_spider_hilbert_3_sides_1_open], uniq_asterion, uniq_agnes,
          uniq_arachne
Spider:3: layout_cave_pods, portal_ice_cave_entry_pillars_2
Spider:4: grunt_spider_rune_circles, nicolae_spider_wall_of_niches
Slime:1:  layout_caves
Slime:2:  layout_caves, cheibrodos_slime_lost_civilization_6
Slime:3:  layout_caves, basic_altar
Slime:4:  layout_caves, nicolae_slime_phagocytosis
Slime:5
Orc:1:    nicolae_orc_accident_2, layout_caves, serial_shops,
          nicolae_shop_behind_doors, nicolae_shop_pleasant_corner_grove,
          shop_statue, shop_statue, guppyfry_library_mini, uniq_fannar
Orc:2:    pf_orc_diabolical, layout_diamond_mine, mines4_lemuel
Elf:1:    layout_gridlike, serial_shops, shop, kennysheep_underground_church,
          dk_noncrumbling_4, dreamdust_deal_with_the_devil, minmay_shop_mass,
          due_unseen_surprise
Elf:2:    nicolae_elf_blades_crystal_corner, layout_gridlike, serial_shops, shop
Elf:3:    minmay_elf_hall_not_hex, layout_loops_corners, drop_trap
Vaults:1: nicolae_vaults_closet_pinwheel_3, vaults_room_fours,
          nicolae_vaults_tetromino_L_2, nicolae_vaults_security_offices_3,
          nicolae_vaults_big_ls, nicolae_vaults_yaktaur_gun_rack,
          hangedman_vaults_maws, v_misc_9, layout_vaults_omnigrid
Vaults:2: v_misc_18, nicolae_vaults_heart-shaped_vault, hangedman_vaults_maws,
          nicolae_vaults_trapezoid_lopsided_1, vaults_room_glass_cross,
          nicolae_vaults_little_squares_2, minmay_crypt_entry_simple_plaza,
          vaults_room_fours, vaults_room_semicircle, v_misc_28,
          nicolae_vaults_rhombus_6, vaults_room_semicircle,
          layout_vaults_big_room
Vaults:3: ontoclasm_vaults_decontamination, ontoclasm_vaults_pinch,
          vaults_dpeg_cross, hangedman_vaults_corner_blocks, st_quartered_hall,
          ontoclasm_vaults_hangar, ontoclasm_vaults_tryst,
          nicolae_vaults_closet_pinwheel_1, nicolae_vaults_trapezoid_lopsided_1,
          v_rooms_4, nicolae_vaults_storage_room_water,
          nicolae_vaults_border_crossing, nicolae_vaults_ring_of_whatevers,
          layout_vaults_ring, serial_shops, nicolae_shop_statue_plus
Vaults:4: nicolae_vaults_frosty_reception, grunt_vaults_twisty, v_rooms_5,
          nicolae_vaults_six-pack, nicolae_vaults_alarming, v_misc_30,
          nicolae_vaults_enemy_cabinets, nicolae_vaults_variable_pillar_hall,
          layout_vaults_omnicross, serial_shops, shop
Vaults:5
Crypt:1:  layout_regular_city, basic_altar, fountainhead, st_stairs_8,
          grunt_crypt_arrival_guarded_gate, uniq_mennas
Crypt:2:  layout_gridlike, gammafunk_ghost_necromancy, palyth_stone_intersect,
          grunt_ministairs_11, uniq_margery
Crypt:3:  david_glass_crypt, layout_gridlike,
          amcnicky_mini_rare_corridor_liquid, st_stairs_8
Tomb:1
Tomb:2
Tomb:3
Depths:1: layout_gridlike, enter_ziggurat_f, lightli_enter_wizlab_magi_temple,
          nicolae_hell_entry_hellmouth_sunbeams, serial_sigils_hangedman_snap,
          nicolae_trove_entry_diagonal, st_stairs_13, minmay_crystal_box
Depths:2: minmay_split_circle, layout_gridville, pan_entry,
          hangedman_decor_lopped, hell_entry, grunt_decor_mini_mirrors,
          nicolae_kikubaaqudgha_miasma_corner
Depths:3: vault_1, layout_gridlike, abyss_entry, hell_entry, uniq_josephina
Depths:4: evilmike_zot_entry_round, layout_basic, grunt_hell_entry_dis_grunt,
          nicolae_uskayaw_dance_hall
Hell
Dis:1:    layout_subdivisions, nicolae_hells_seeping_fissure
Dis:2:    layout_gridville
Dis:3:    layout_regular_city
Dis:4:    layout_jigsaw
Dis:5:    layout_gridville
Dis:6:    layout_subdivisions
Dis:7:    iron_city_of_dis [dis_grunt, dis_wall_3], layout_gridville
Geh:1:    layout_gehenna_pools_basic, special_room [special_room_morgue],
          hangedman_elemental_grid_stream
Geh:2:    layout_gehenna_lava_caves
Geh:3:    layout_gehenna_pools_basic
Geh:4:    layout_gehenna_pools_basic, lemuel_flamethrower_2
Geh:5:    layout_gehenna_lava_caves
Geh:6:    layout_gehenna_pools_basic, nicolae_geh_lava_in_the_way
Geh:7:    geh_grunt_pentagon
Coc:1:    layout_cocytus_delve
Coc:2:    layout_ice_bergs
Coc:3:    layout_ice_bergs
Coc:4:    layout_ice_bergs, nicolae_coc_icebean_singular
          [nicolae_sub_coc_subbean]
Coc:5:    layout_cocytus_delve
Coc:6:    layout_cocytus_water_paths
Coc:7:    coc_grunt_cove [coc_grunt_cove_antaeus, coc_grunt_cove_fiend,
          coc_grunt_cove_fiend, coc_grunt_cove_fiend, coc_grunt_cove_fiend]
Tar:1:    layout_honeycomb
Tar:2:    layout_grid_maze
Tar:3:    layout_catacombs
Tar:4:    layout_honeycomb
Tar:5:    layout_grid_maze
Tar:6:    layout_cathedral_of_symmetry
Tar:7:    tar_minmay_river
Zot:1:    lemuel_firehouse, layout_onion_interference, gammafunk_ghost_arena,
          uniq_parghit
Zot:2:    layout_gridlike, nicolae_diode_intersection
Zot:3:    layout_gridlike, st_single_dragon_hoard_4, nicolae_zot_crop_circle
Zot:4:    layout_misc_corridors
Zot:5:    layout_gridlike, st_stairs_3, grunt_ministairs_7

Skill      XL: |  1  2  3  4  5  6  7  8  9 10 11 12 13 14 15 16 17 18 19 20 21 22 23 24 25 26 27 |
---------------+----------------------------------------------------------------------------------+-----
Dodging        | 2 4 6 8 10 15 | 15.0
Stealth        | 3 |  3.0
Spellcasting   | 3 4 6 7 9 11 12 13 14 16 18 20 22 27 | 27.0
Fighting       | 1 2 3 4 6 8 9 10 11 12 14 15 16 17 18 22 | 22.0
Armour         | 3 4 6 8 10 18 | 18.0
Translocations | 3 4 |  4.0
Transmutations | 5 8 11 12 | 12.0
Unarmed Combat | 3 9 13 16 17 18 20 26 | 26.1
Invocations    | 3 6 8 14 | 14.0
Necromancy     | 6 13 16 17 | 17.0
Earth Magic    | 6 14 16 18 20 21 26 | 26.0
Fire Magic     | 17 | 17.0
Conjurations   | 6 |  6.0
Air Magic      | |  3.0

Action                     |  1- 3 |  4- 6 |  7- 9 | 10-12 | 13-15 | 16-18 | 19-21 | 22-24 | 25-27 || total
---------------------------+-------+-------+-------+-------+-------+-------+-------+-------+-------++-------
  Melee: Unarmed           |    11 |       |       |   154 |   661 |   653 |   554 |   596 |  2857 ||  5486
         Bite              |     9 |    42 |    37 |   262 |   222 |   302 |   309 |   384 |  1849 ||  3416
         Quarterstaff      |    38 |   138 |    95 |    28 |       |       |       |       |       ||   299
         Dagger            |       |       |       |   392 |       |       |       |       |       ||   392
         Punch             |       |       |       |    20 |    39 |    43 |       |       |       ||   102
         Scimitar          |       |       |       |     7 |       |       |       |       |       ||     7
  Throw: Dart              |       |       |     2 |     3 |     2 |       |       |       |       ||     7
   Cast: Shock             |    15 |    14 |    55 |    42 |    25 |    23 |       |       |       ||   174
         Static Discharge  |       |     5 |    37 |     5 |       |       |       |       |       ||    47
         Apportation       |       |       |     1 |    33 |   149 |    89 |   158 |    90 |   283 ||   803
         Passwall          |       |       |       |     6 |    50 |    34 |    26 |       |    32 ||   148
         Blade Hands       |       |       |       |    12 |    64 |    28 |       |       |       ||   104
         Wereblood         |       |       |       |       |       |    21 |       |       |       ||    21
         Death Channel     |       |       |       |       |       |    27 |    36 |    19 |    10 ||    92
         Vhi's Electric Ch |       |       |       |       |       |    32 |    10 |    42 |   503 ||   587
         Borgnjor's Vile C |       |       |       |       |       |     1 |     9 |       |   146 ||   156
         Infestation       |       |       |       |       |       |    11 |    48 |    81 |   223 ||   363
         Necromutation     |       |       |       |       |       |     3 |    57 |    58 |   221 ||   339
         Lee's Rapid Decon |       |       |       |       |       |       |     3 |     2 |     6 ||    11
         Shatter           |       |       |       |       |       |       |       |     1 |    93 ||    94
         Blink             |       |       |       |       |       |       |       |       |     7 ||     7
         Ignition          |       |       |       |       |       |       |       |       |    58 ||    58
         Lehudib's Crystal |       |       |       |       |       |       |       |       |    25 ||    25
 Invoke: Temporal Distorti |       |       |       |       |     1 |       |       |       |       ||     1
         Slouch            |       |       |       |       |       |       |     2 |       |     3 ||     5
         Step From Time    |       |       |       |       |       |       |       |       |     4 ||     4
Ability: End Transformatio |       |       |       |     1 |     1 |     2 |       |     3 |     3 ||    10
  Evoke: Wand              |       |       |       |    18 |     1 |     1 |     1 |     1 |     2 ||    24
         Box of beasts     |       |       |       |     1 |       |       |       |       |       ||     1
         Phantom mirror    |       |       |       |       |       |     1 |     1 |       |     1 ||     3
         Phial of floods   |       |       |       |       |       |     1 |       |       |       ||     1
    Use: Scroll            |     1 |     6 |     5 |    15 |    17 |     9 |    15 |    10 |    42 ||   120
         Potion            |       |       |       |       |       |     1 |       |    10 |     8 ||    19
   Stab: Sleeping          |     3 |     9 |     2 |     3 |     1 |     4 |       |       |     2 ||    24
         Distracted        |       |       |     1 |       |     1 |    14 |    15 |    23 |    54 ||   108
         Invisible         |       |       |       |       |       |       |    30 |     6 |    98 ||   134
 Armour: Robe              |     6 |    23 |    43 |     2 |       |       |       |       |       ||    74
         Ring mail         |       |       |       |   332 |   240 |   121 |   236 |   259 |   566 ||  1754
         Leather armour    |       |       |       |       |       |   134 |       |       |       ||   134
         Pearl dragon scal |       |       |       |       |       |       |       |       |   237 ||   237
         Ice dragon scales |       |       |       |       |       |       |       |       |    88 ||    88
  Dodge: Dodged            |    39 |    73 |    91 |   461 |   458 |   577 |   732 |   858 |  3708 ||  6997
  Block: Other             |       |    26 |    34 |   173 |    49 |       |       |       |       ||   282
         Reflection        |       |     1 |     1 |     8 |     6 |       |       |       |       ||    16
         Orb               |       |       |       |       |     7 |       |       |       |       ||     7
